 Dungeon Crawl Stone Soup version 0.18.1-48-g4cf74bf (webtiles) character file.

18279 DungeonyCrawlthano the Martial Artist (level 12, -1/81 HPs)
             Began as a Demonspawn Monk on Aug 12, 2016.
             Was a High Priest of Okawaru.
             Slain by a death yak simulacrum (13 damage)
             ... in an ice cave.
             The game lasted 00:29:04 (12458 turns).

DungeonyCrawlthano the Martial Artist (DsMo)       Turns: 12458, Time: 00:29:06

Health: -1/81      AC: 14    Str: 20    XL:     12   Next: 26%
Magic:  0/24       EV: 31    Int: 12    God:    Okawaru [*****.]
Gold:   218        SH: 11    Dex: 24    Spells: 0 memorised, 11 levels left

rFire  . . .     SeeInvis .       - Unarmed
rCold  . . .     Gourm    .     h - +1 robe of Dawn {Dex+5}
rNeg   . . .     Faith    .     x - +3 buckler {reflect}
rPois  .         Spirit   +     d - +0 helmet
rElec  .         Dismiss  .     I - +0 cloak of Valy {Str+7 Stlth+}
rCorr  +         Reflect  +     B - +2 pair of gloves {archery}
SustAt .         Harm     .     H - +0 pair of boots
MR     .....                    w - amulet of guardian spirit
Stlth  +++++.....               E - ring of magical power
                                r - ring of flight

@: heroism, not resistant to hostile enchantments, quite stealthy
A: yellow scales 3, powered by death 1
a: Heroism, Finesse, Renounce Religion, Evoke Flight


You were in an ice cave.
You worshipped Okawaru.
Okawaru was extremely pleased with you.
You were hungry.

You visited 2 branches of the dungeon, and saw 14 of its levels.
You also visited: Sewer and Ice Cave.

You collected 766 gold pieces.
You spent 548 gold pieces at shops.

Inventory:

Missiles
 k - 5 needles of sleeping
 G - 2 throwing nets (quivered)
Armour
 d - a +0 helmet (worn)
 h - the +1 robe of Dawn (worn) {Dex+5}
   (You found it in a sewer)

   It affects your dexterity (+5).
 i - the +0 ring mail of the Blizzard {rElec rPois Int+4 Stlth+}
   (You bought it in a shop on level 6 of the Dungeon)

   It affects your intelligence (+4).
   It insulates you from electricity.
   It protects you from poison.
   It makes you more stealthy.
 x - a +3 buckler of reflection (worn)
 B - a +2 pair of gloves of archery (worn)
 H - a +0 pair of boots (worn)
 I - the +0 cloak of Valy (worn) {Str+7 Stlth+}
   (Okawaru gifted it to you on level 12 of the Dungeon)

   It affects your strength (+7).
   It makes you more stealthy.
Jewellery
 r - a ring of flight (left hand)
 w - an amulet of guardian spirit (around neck)
 E - a ring of magical power (right hand)
Wands
 n - a wand of lightning (5/15)
 o - a wand of acid (8/15)
 s - a wand of acid (1/15)
 y - a wand of paralysis (17/24)
Scrolls
 a - 5 scrolls of teleportation
 e - 2 scrolls of remove curse
 D - a scroll of blinking
Potions
 c - 2 potions of heal wounds
 g - a potion of lignification
 l - 3 potions of curing
 m - 2 potions of haste
 q - 3 potions of might
 z - a potion of flight
 F - a potion of berserk rage {unknown}
Books
 v - a book of Changes

   Spells                             Type                      Level
   a - Beastly Appendage              Transmutation                1
   b - Sticks to Snakes               Transmutation                2
   c - Spider Form                    Transmutation/Poison         3
   d - Ice Form                       Ice/Transmutation            4
   e - Blade Hands                    Transmutation                5
Miscellaneous
 j - a sack of spiders
Comestibles
 b - 10 bread rations
 f - 5 beef jerkies
 p - 7 fruits
 t - a slice of pizza
 u - 6 chunks of flesh
 C - 4 meat rations


   Skills:
 - Level 3.0(8.0) Fighting
 - Level 1.1(6.1) Armour
 + Level 11.9(16.9) Dodging
 - Level 1.7(6.7) Stealth
 - Level 5.5(10.5) Shields
 - Level 13.0(18.0) Unarmed Combat
 - Level 5.0 Invocations


You had 11 spell levels left.
You didn't know any spells.

Dungeon Overview and Level Annotations

Branches:
Dungeon (13/15)            Temple (1/1) D:4            Lair (0/8) D:11
    Orc (0/2) D:11
 Vaults: D:13-14

Altars:
Ashenzari
Cheibriados
Dithmenos
Elyvilon
Fedhas
Gozag
Kikubaaqudgha
Makhleb
Nemelex Xobeh
Okawaru
Pakellas
Qazlal
Ru
Sif Muna
Trog
Vehumet
Xom
Yredelemnul
Zin
The Shining One
Beogh
Jiyva

Shops:
D:6 *   D:7 }   D:9 **   D:12 (


Innate Abilities, Weirdness & Mutations

You are completely covered in yellow scales (AC +4, rCorr).
You regenerate a little health from kills.


Message History

You punch the death yak simulacrum! The death yak simulacrum gores you!
The death yak simulacrum freezes you!
You hit the death yak simulacrum but do no damage.
You punch the death yak simulacrum!
You block the death yak simulacrum's attack.
The death yak simulacrum misses you.
You hit the death yak simulacrum. The death yak simulacrum misses you.
You gain the combat prowess of a mighty hero.
You feel slightly more hungry.
The polar bear simulacrum barely misses you.
You block the polar bear simulacrum's attack. x2
The death yak simulacrum barely misses you.
You are feeling hungry.
You punch the death yak simulacrum! The death yak simulacrum gores you!
The death yak simulacrum freezes you!! The polar bear simulacrum misses you.
You block the polar bear simulacrum's attack. x2
The death yak simulacrum gores you!
* * * LOW HITPOINT WARNING * * *
The death yak simulacrum freezes you!
You die...

#### ##..##
###
##....##..##
#......Z...##
#.∩.∩.@ZZ...#
#......Z##....
##....### #
##..## ####


You could see a wolf simulacrum, 2 death yak simulacra and a polar bear
simulacrum.

Vanquished Creatures
  Gastronok (D:8)
  A hydra (D:8)
  A death knight (D:12)
  The ghost of Drumble the Brilliant, a novice DDFi of Pakellas (D:8)
  2 hill giants
  A phantasmal warrior (D:12)
  A griffon (D:13)
  Maurice (D:8)
  2 ugly things
  An ice statue (D:13)
  A gargoyle (D:11)
  A merfolk (D:11)
  3 two-headed ogres
  Prince Ribbit (D:7)
  A vampire (D:13)
  9 yaks
  3 wraiths
  4 water elementals (D:12)
  Grum (D:9)
  4 hippogriffs
  A basilisk (D:13)
  3 hungry ghosts
  Menkaure (D:7)
  A water moccasin (D:11)
  5 orc warriors
  2 sky beasts
  3 ice beasts
  6 phantoms
  2 wolves (D:9)
  2 crocodiles
  4 centaurs
  6 ogres
  13 giant frogs
  A water moccasin skeleton (D:5)
  4 scorpions
  12 killer bees
  13 wights
  A howler monkey (D:7)
  4 crimson imps
  A centaur zombie (D:7)
  A giant frog zombie (D:12)
  A quasit (D:10)
  5 hounds
  9 orc priests
  12 orc wizards
  2 centaur skeletons
  2 giant frog skeletons
  4 iguanas
  12 worker ants
  2 hound skeletons (D:4)
  A hound zombie (D:10)
  A worker ant zombie (D:9)
  A gnoll (D:4)
  2 river rats (D:4)
  16 adders
  4 shadow imps
  An adder zombie (D:6)
  6 worms
  3 dart slugs
  5 giant geckos
  48 orcs
  4 ball pythons
  15 giant cockroaches
  5 goblins
  4 hobgoblins
  6 jackals
  3 quokkas
  10 bats
  10 giant newts
  6 kobolds
  A quokka skeleton (D:7)
  18 rats
345 creatures vanquished.

Vanquished Creatures (others)
  8 fungi (D:11)
  A plant (D:11)
9 creatures vanquished.

Grand Total: 354 creatures vanquished

Notes
Turn   | Place    | Note
--------------------------------------------------------------
     0 | D:1      | DungeonyCrawlthano the Demonspawn Monk began the quest for the Orb.
     0 | D:1      | Reached XP level 1. HP: 18/18 MP: 1/1
     4 | D:1      | You fall through a shaft!
   143 | D:2      | Reached skill level 4 in Unarmed Combat
   143 | D:2      | Gained mutation: You regenerate a little health from kills. [demonic ancestry]
   143 | D:2      | Reached XP level 2. HP: 23/24 MP: 2/2
   518 | D:1      | Reached XP level 3. HP: 29/29 MP: 3/3
   892 | D:2      | Found a shattered altar of Ashenzari.
  1372 | D:3      | Reached skill level 5 in Unarmed Combat
  1430 | D:3      | Found a shimmering altar of Xom.
  1430 | D:3      | Found a shimmering altar of Xom.
  1430 | D:3      | Found a shimmering altar of Xom.
  1430 | D:3      | Found a shimmering altar of Xom.
  1430 | D:3      | Found a shimmering altar of Xom.
  1430 | D:3      | Found a shimmering altar of Xom.
  1430 | D:3      | Found a shimmering altar of Xom.
  1430 | D:3      | Found a shimmering altar of Xom.
  1597 | D:3      | Gained mutation: You are partially covered in yellow scales (AC +2). [demonic ancestry]
  1597 | D:3      | Reached XP level 4. HP: 14/35 MP: 4/4
  2306 | D:4      | Gained mutation: You are mostly covered in yellow scales (AC +3). [demonic ancestry]
  2306 | D:4      | Reached XP level 5. HP: 27/41 MP: 5/5
  2363 | D:4      | Reached skill level 6 in Unarmed Combat
  2390 | D:4      | Found a glowing drain.
  2411 | Sewer    | Entered a sewer
  2626 | Sewer    | Reached XP level 6. HP: 31/47 MP: 6/6
  2676 | Sewer    | Reached skill level 7 in Unarmed Combat
  2685 | Sewer    | Got a faintly humming robe
  2822 | D:4      | Identified the +1 robe of Dawn {Dex+5} (You found it in a sewer)
  2992 | D:4      | Reached XP level 7. HP: 52/52 MP: 7/7
  3072 | D:4      | Reached skill level 8 in Unarmed Combat
  3214 | D:4      | Found a shadowy altar of Dithmenos.
  3383 | D:4      | Found a basalt altar of Yredelemnul.
  3383 | D:4      | Found a snail-covered altar of Cheibriados.
  3480 | D:4      | Found a staircase to the Ecumenical Temple.
  3655 | Temple   | Entered the Ecumenical Temple
  3782 | Temple   | Became a worshipper of Warmaster Okawaru
  3782 | Temple   | Reached * piety under Okawaru
  3782 | Temple   | Reached ** piety under Okawaru
  3884 | D:5      | Entered Level 5 of the Dungeon
  3935 | D:5      | Reached skill level 9 in Unarmed Combat
  4151 | D:5      | Found an ancient bone altar of Kikubaaqudgha.
  4151 | D:5      | Found a deep blue altar of Sif Muna.
  4153 | D:5      | Found a radiant altar of Vehumet.
  4158 | D:5      | Reached XP level 8. HP: 58/58 MP: 8/8
  4164 | D:5      | Identified Sif Muna's Collected Works on Talismans
  4314 | D:5      | Found an oddly glowing altar of Pakellas.
  4771 | D:6      | Found Izuntek's Assorted Antiques.
  5071 | D:6      | Reached skill level 10 in Unarmed Combat
  5158 | D:6      | Found a sacrificial altar of Ru.
  5287 | D:6      | Reached *** piety under Okawaru
  5320 | D:6      | Found an opulent altar of Gozag.
  5799 | D:7      | Reached skill level 11 in Unarmed Combat
  5817 | D:7      | Noticed Prince Ribbit
  5875 | D:6      | Reached XP level 9. HP: 24/63 MP: 6/9
  6019 | D:7      | Killed Prince Ribbit
  6040 | D:7      | Received a gift from Okawaru
  6055 | D:7      | Found Istrorom's Gadget Boutique.
  6062 | D:7      | Reached skill level 5 in Dodging
  6225 | D:7      | Reached **** piety under Okawaru
  6242 | D:7      | Noticed Menkaure
  6248 | D:7      | Killed Menkaure
  6403 | D:7      | Found a white marble altar of Elyvilon.
  6853 | D:6      | Bought a transparent ring mail for 216 gold pieces
  6863 | D:6      | Identified the +0 ring mail of the Blizzard {rElec rPois Int+4 Stlth+} (You bought it in a shop on level 6 of the Dungeon)
  7250 | D:8      | Received a gift from Okawaru
  7274 | D:8      | Found a stormy altar of Qazlal.
  7315 | D:8      | Noticed Gastronok
  7341 | D:8      | Killed Gastronok
  7341 | D:8      | Reached ***** piety under Okawaru
  7341 | D:8      | Reached XP level 10. HP: 34/70 MP: 7/10
  7455 | D:8      | Noticed Drumble's ghost (novice DDFi)
  7479 | D:8      | Killed Drumble's ghost
  7479 | D:8      | Received a gift from Okawaru
  7479 | D:8      | Reached skill level 10 in Dodging
  7572 | D:8      | Reached skill level 1 in Invocations
  7609 | D:8      | Noticed Maurice
  7623 | D:8      | Killed Maurice
  7687 | D:8      | Reached skill level 5 in Invocations
  7834 | D:8      | Noticed a seven-headed hydra
  7858 | D:8      | Killed a seven-headed hydra
  8305 | D:8      | Received a gift from Okawaru
  8305 | D:8      | Gained mutation: You are completely covered in yellow scales (AC +4, rCorr). [demonic ancestry]
  8305 | D:8      | Reached XP level 11. HP: 75/75 MP: 12/14
  8530 | D:9      | Reached skill level 12 in Unarmed Combat
  8547 | D:9      | Reached skill level 1 in Armour
  8573 | D:9      | Found Miagerov's Assorted Antiques.
  8586 | D:9      | Bought a runed buckler for 139 gold pieces
  8586 | D:9      | Bought a scroll labeled VIBYDO LAUS for 31 gold pieces
  8598 | D:9      | Noticed Grum
  8617 | D:9      | Reached skill level 1 in Shields
  8623 | D:9      | Killed Grum
  8646 | D:9      | Found a sacrificial altar of Ru.
  8668 | D:9      | Found Lemm's Assorted Antiques.
  8674 | D:9      | Bought a scroll labeled PIUHIPHEBU for 25 gold pieces
  8674 | D:9      | Bought a scroll labeled ZACHEPYNUF for 25 gold pieces
  9277 | D:10     | Entered Level 10 of the Dungeon
  9563 | D:9      | Bought a pair of glowing gloves for 112 gold pieces
  9941 | D:11     | Noticed a hill giant
  9978 | D:11     | Killed a hill giant
  9978 | D:11     | Reached skill level 5 in Shields
 10033 | D:11     | Found a staircase to the Orcish Mines.
 10191 | D:11     | Found a staircase to the Lair.
 10219 | D:11     | Found a roughly hewn altar of Beogh.
 10830 | D:12     | Received a gift from Okawaru
 10925 | D:12     | Noticed a cyan ugly thing
 10936 | D:12     | Killed a cyan ugly thing
 11037 | D:12     | Found Cocau's Antique Weapon Shop.
 11099 | D:12     | Noticed a hill giant
 11114 | D:12     | Killed a hill giant
 11288 | D:12     | Reached skill level 13 in Unarmed Combat
 11693 | D:13     | Noticed a death knight
 11693 | D:13     | Noticed a phantasmal warrior
 11706 | D:12     | Reached XP level 12. HP: 50/81 MP: 14/15
 11715 | D:12     | Reached ****** piety under Okawaru
 11715 | D:12     | Received a gift from Okawaru
 11718 | D:12     | Got an ichor-stained cloak {god gift}
 11746 | D:12     | Identified the +0 cloak of Valy {Str+7 Stlth+} (Okawaru gifted it to you on level 12 of the Dungeon)
 11834 | D:12     | Killed a death knight
 12419 | D:13     | Found a frozen archway.
 12450 | IceCv    | Entered an ice cave
 12458 | IceCv    | Slain by a death yak simulacrum

Skill      XL: |  1  2  3  4  5  6  7  8  9 10 11 12 |
---------------+-------------------------------------+-----
Unarmed Combat | 4 5 6 7 9 11 13 | 13.0
Dodging        | 3 9 10 11 | 11.9
Invocations    | 5 |  5.0
Armour         | 1 |  1.1
Shields        | 5 |  5.5
Fighting       | |  3.0
Stealth        | |  1.7

Action                   |  1- 3 |  4- 6 |  7- 9 | 10-12 || total
-------------------------+-------+-------+-------+-------++-------
Melee: Unarmed           |   125 |   276 |   422 |   904 ||  1727
       Punch             |       |     8 |    39 |    18 ||    65
Invok: Heroism           |       |       |     7 |    19 ||    26
       Finesse           |       |       |       |     2 ||     2
  Use: Scroll            |     7 |     2 |     5 |    15 ||    29
       Potion            |       |       |     2 |     1 ||     3
 Stab: Sleeping          |     3 |     4 |    13 |    10 ||    30
       Distracted        |       |       |     1 |     1 ||     2
  Eat: Chunk             |     2 |     5 |    12 |    18 ||    37
       Bread ration      |       |       |     1 |       ||     1
       Pizza             |       |       |       |     1 ||     1
Armor: Robe              |    18 |    74 |    89 |    85 ||   266
Dodge: Dodged            |    70 |   177 |   309 |   595 ||  1151
Block: Buckler           |       |       |       |   283 ||   283
       Reflection        |       |       |       |     2 ||     2
